 Dungeon Crawl Stone Soup version 0.26-a0-639-g72c4674329 (webtiles) character file.

Game seed: 11952020384086092267

23 Lanoc the Charlatan (level 3, -3/23 HPs)
             Began as an Octopode Artificer on Sept 21, 2020.
             Slain by an orc
             ... wielding a +0 mace
              (5 damage)
             ... on level 3 of the Dungeon.
             The game lasted 00:00:48 (794 turns).

Lanoc the Charlatan (Octopode Artificer)             Turns: 794, Time: 00:00:49

Health: -3/23      AC:  1    Str: 11    XL:     3   Next: 0%
Magic:  3/3        EV: 14    Int: 13    God:
Gold:   15         SH:  0    Dex: 13    Spells: 2/2 levels left

rFire    . . .     SeeInvis .   a - +0 club
rCold    . . .     Faith    .   (no shield)
rNeg     . . .     Spirit   .   (helmet restricted)
rPois    .         Reflect  .   (no amulet)
rElec    .         Harm     .   (no ring)
rCorr    .         Rampage  .   (no ring)
MR       .....                  (no ring)
Stlth    +++.......             (no ring)
HPRegen  0.07/turn              (no ring)
MPRegen  0.08/turn              (no ring)
                                (no ring)
                                (no ring)

@: no status effects
A: almost no armour, stealthy swim, amphibious, 8 rings, constrict 8, camouflage
1, gelatinous body 1
a: no special abilities


You were on level 3 of the Dungeon.
You visited 1 branch of the dungeon, and saw 3 of its levels.

You collected 15 gold pieces.

Inventory:

Hand Weapons
 a - a +0 club (weapon)
Wands
 b - a wand of flame (15)
 c - a wand of enslavement (15)
 d - a wand of random effects (15)
Scrolls
 e - 2 scrolls of identify {unknown}
 g - 2 scrolls of remove curse {unknown}
 h - a scroll of blinking {unknown}
Potions
 f - a potion of lignification {unknown}


   Skills:
 + Level 1.5 Fighting
 + Level 2.7 Dodging
 - Level 1.3 Stealth
 * Level 3.9 Evocations


You had 2 spell levels left.
You didn't know any spells.
Your spell library was empty.

Dungeon Overview and Level Annotations

Branches:
Dungeon (3/15)

Altars:


Innate Abilities, Weirdness & Mutations

You cannot wear most types of armour.
You are very stealthy in the water. (Stealth+)
You are amphibious.
You can wear up to eight rings at the same time.
You can use your tentacles to constrict eight enemies at once.
Your skin changes colour to match your surroundings (Stealth+).
Your rubbery body absorbs attacks. (AC +1, EV +1)


Message History

You kill the orc!
You have reached level 3!
Your experience leads to an increase in your attributes!
Increase (S)trength, (I)ntelligence, or (D)exterity?
You feel agile.
An orc comes into view. It is wielding a +0 mace.
Items here: ! ( ) [.
You hit the orc. Your grab misses the orc.
The orc is lightly wounded.
The orc barely misses you.
You hit the orc but do no damage. You grab the orc.
The orc is lightly wounded.
You constrict the orc, but do no damage.
The orc hits you with a +0 mace.
* * * LOW HITPOINT WARNING * * *
You hit the orc but do no damage.
The orc is lightly wounded.
You constrict the orc, but do no damage.
The orc hits you with a +0 mace.
You die...

### ##.## ##...#####
####........#
.....#......#########
####...##.......@o).#
###.############.#
#.# # ##'## ##...##
##.....## ##.......##
##.........#
.+.........+


You could see an orc.

Vanquished Creatures
  An adder (D:2)
  2 orcs (D:3)
  A ball python (D:1)
  2 bats
  4 goblins (D:1)
  A hobgoblin (D:1)
  A rat (D:1)
12 creatures vanquished.

Vanquished Creatures (others)
  A quokka (D:3)
1 creature vanquished.

Grand Total: 13 creatures vanquished

Notes
Turn   | Place    | Note
-------+----------+-------------------------------------------
     0 | D:1      | Lanoc the Octopode Artificer began the quest for the Orb.
     0 | D:1      | Reached XP level 1. HP: 13/13 MP: 1/1
   303 | D:1      | Reached XP level 2. HP: 12/18 MP: 2/2
   789 | D:3      | Reached XP level 3. HP: 6/23 MP: 3/3
   794 | D:3      | Slain by an orc

Illustrated notes

Levels and vault maps discovered:
D:1:      dpeg_arrival_brainrot, layout_basic, minmay_misc_feat_more_columns,
          minivault_4
D:2:      layout_loops_cross
D:3:      layout_loops_corners, elyvilon_altar_4

Action                   || total
-------------------------++-------
Melee: Club              ||    37
       Constrict         ||     9
       Tentacles         ||     4
 Stab: Sleeping          ||     1
Armor: Skin              ||     9
Dodge: Dodged            ||    37

Table legend: (Time is in decaauts)
 A = Elapsed time spent in this place.
 B = Non-inter-level travel time spent in this place.
 C = Inter-level travel time spent in this place.
 D = Time resting spent in this place.
 E = Time spent auto-exploring this place.
 F = Levels seen in this place.
 G = Mean time per level.
                   A        B        C        D        E       F      G
               +--------+--------+--------+--------+--------+-----+--------+
         Total |    804 |    795 |      9 |    246 |    444 |   3 |  268.0 |
       Dungeon |    804 |    795 |      9 |    246 |    444 |   3 |  268.0 |
               +--------+--------+--------+--------+--------+-----+--------+

Top non-repeatable levels by time:
     D:1: 415 daAuts
     D:2: 298 daAuts
     D:3: 90 daAuts
